EL
MIDLAND ROCKHOUNDS @ JACKSON GENERALS
08/25/2049
 
TOP OF THE 1ST
Midland RockHounds batting - Pitching for Jackson Generals : RHP Jim Ruleman
Pitching: RHP Jim Ruleman
Batting: RHB Chris Bohm 0-0: Ground out 6-3 (Groundball, 56, EV 98.1 MPH)
Batting: RHB Chris Prinzing 0-0: Called Strike
0-1: Ball
1-1: Ground out 6-3 (Groundball, 6, EV 101.2 MPH)
Batting: RHB Don Burt 0-0: Ball
1-0: Ball
2-0: Ball
3-0: Called Strike
3-1: Reached on error, E5 (Groundball, 5, EV 106.2 MPH)
Batting: RHB Sean Gould 0-0: Foul Ball, location: 2F
0-1: Ball
1-1: Ground out 5-3 (Groundball, 56S, EV 86.9 MPH)
Top of the 1st over - 0 runs, 0 hits, 1 error, 1 left on base; Midland 0 - Jackson 0
BOTTOM OF THE 1ST
Jackson Generals batting - Pitching for Midland RockHounds : LHP Adam Wood
Pitching: LHP Adam Wood
Batting: RHB Enrique Valdez 0-0: Ball
1-0: Ball
2-0: Foul Ball, location: 2F
2-1: Swinging Strike
2-2: Strikes out swinging
Batting: RHB Paul Shell 0-0: Fly out, F8 (Line Drive, 8RS, EV 107.5 MPH)
Batting: RHB Chris Skaff 0-0: Foul Ball, location: 2F
0-1: Ball
1-1: Called Strike
1-2: Ball
2-2: Ground out 4-3 (Groundball, 4, EV 111.2 MPH)
Bottom of the 1st over - 0 runs, 0 hits, 0 errors, 0 left on base; Midland 0 - Jackson 0
TOP OF THE 2ND
Midland RockHounds batting - Pitching for Jackson Generals : RHP Jim Ruleman
Batting: RHB Matt Sherard 0-0: Called Strike
0-1: Foul Ball, location: 2F
0-2: Ground out U3 (Groundball, 13, EV 90.0 MPH)
Batting: LHB Chance Stever 0-0: Foul Ball, location: 2F
0-1: Ball
1-1: Called Strike
1-2: Foul Ball, location: 2F
1-2: Strikes out looking
Batting: LHB Nick Pacheco 0-0: Called Strike
0-1: SOLO HOME RUN (Flyball, 9LD, EV 99.4 MPH), Distance : 366 ft
Batting: RHB Micah Roth 0-0: Ball
1-0: Swinging Strike
1-1: Swinging Strike
1-2: Ground out U3 (Groundball, 3S, EV 86.9 MPH)
Top of the 2nd over - 1 run, 1 hit, 0 errors, 0 left on base; Midland 1 - Jackson 0
BOTTOM OF THE 2ND
Jackson Generals batting - Pitching for Midland RockHounds : LHP Adam Wood
Batting: RHB Kinzo Yokoyama 0-0: Ground out U3 (Groundball, 3, EV 81.9 MPH)
Batting: LHB Chris Jackson 0-0: Ball
1-0: Swinging Strike
1-1: Ball
2-1: Ball
3-1: Ground out 6-3 (Groundball, 4M, EV 86.9 MPH)
Batting: RHB Jose Zuniga 0-0: Foul Ball, location: 2F
0-1: Ball
1-1: Foul Ball, location: 2F
1-2: Foul Ball, location: 2F
1-2: Ball
2-2: Foul Ball, location: 2F
2-2: Fly out, F7 (Flyball, 78S, EV 80.0 MPH)
Bottom of the 2nd over - 0 runs, 0 hits, 0 errors, 0 left on base; Midland 1 - Jackson 0
TOP OF THE 3RD
Midland RockHounds batting - Pitching for Jackson Generals : RHP Jim Ruleman
Batting: LHB Robert Wilkins 0-0: Called Strike
0-1: Foul Ball, location: 2F
0-2: Ball
1-2: Ball
2-2: Ground out 6-3 (Groundball, 6, EV 97.5 MPH)
Batting: RHB Chris Bohm 0-0: Swinging Strike
0-1: Called Strike
0-2: Ball
1-2: Ball
2-2: Strikes out swinging
Batting: RHB Chris Prinzing 0-0: Called Strike
0-1: Swinging Strike
0-2: Ball
1-2: Ball
2-2: Foul Ball, location: 2F
2-2: Foul Ball, location: 2F
2-2: Ball
3-2: Foul Ball, location: 2F
3-2: Foul Ball, location: 2F
3-2: Foul Ball, location: 2F
3-2: Ground out 5-3 (Groundball, 56, EV 80.6 MPH)
Top of the 3rd over - 0 runs, 0 hits, 0 errors, 0 left on base; Midland 1 - Jackson 0
BOTTOM OF THE 3RD
Jackson Generals batting - Pitching for Midland RockHounds : LHP Adam Wood
Batting: RHB Chris Van Niel 0-0: Called Strike
0-1: Foul Ball, location: 2F
0-2: Ball
1-2: Ball
2-2: Foul Ball, location: 2F
2-2: Ball
3-2: Fly out, F8 (Line Drive, 8RD, EV 104.4 MPH)
Batting: LHB Brent Dutcher 0-0: Called Strike
0-1: Called Strike
0-2: Ball
1-2: Ground out 4-3 (Groundball, 4, EV 93.1 MPH)
Batting: LHB Matt Hepburn 0-0: Foul Ball, location: 2F
0-1: Ground out 6-3 (Groundball, 56, EV 102.5 MPH)
Bottom of the 3rd over - 0 runs, 0 hits, 0 errors, 0 left on base; Midland 1 - Jackson 0
TOP OF THE 4TH
Midland RockHounds batting - Pitching for Jackson Generals : RHP Jim Ruleman
Batting: RHB Don Burt 0-0: SINGLE (Line Drive, 4MD, EV 100.0 MPH)
Batting: RHB Sean Gould 0-0: Ball
1-0: Called Strike
1-1: SINGLE (Flyball, 34D, EV 83.1 MPH)
Don Burt to second
Batting: RHB Matt Sherard 0-0: Ball
1-0: Ball
2-0: Swinging Strike
2-1: Foul Ball, location: 2F
2-2: Foul Ball, location: 2F
2-2: Ground out 5-3 (Groundball, 5S, EV 73.1 MPH)
Don Burt to third
Sean Gould to second
Batting: LHB Chance Stever 0-0: Called Strike
0-1: Fly out, F8 (Flyball, 89M, EV 85.6 MPH)
Batting: LHB Nick Pacheco 0-0: Swinging Strike
0-1: Ball
1-1: Ball
2-1: SINGLE (Line Drive, 56D, EV 107.5 MPH)
Don Burt scores
Sean Gould to third
Runner from 3rd tries for Home, SAFE, throw by LF to home
Batting: RHB Micah Roth 0-0: Called Strike
0-1: SINGLE (Line Drive, 9LS, EV 93.8 MPH)
Nick Pacheco to second
Runner from 2nd tries for 3rd, OUT! 9-5
Top of the 4th over - 2 runs, 4 hits, 0 errors, 1 left on base; Midland 3 - Jackson 0
BOTTOM OF THE 4TH
Jackson Generals batting - Pitching for Midland RockHounds : LHP Adam Wood
Batting: RHB Enrique Valdez 0-0: Ball
1-0: Foul Ball, location: 2F
1-1: Called Strike
1-2: Foul Ball, location: 2F
1-2: Ball
2-2: Ground out 6-3 (Groundball, 6M, EV 106.9 MPH)
Batting: RHB Paul Shell 0-0: Swinging Strike
0-1: Called Strike
0-2: Foul Ball, location: 2F
0-2: Fly out, F8 (Flyball, 8RXD, EV 105.0 MPH)
Batting: RHB Chris Skaff 0-0: Called Strike
0-1: Ball
1-1: Ball
2-1: Ball
3-1: Base on Balls
Batting: RHB Kinzo Yokoyama 0-0: Ball
1-0: Ball
2-0: Ball
3-0: Called Strike
3-1: Swinging Strike
3-2: Foul Ball, location: 2F
3-2: Foul Ball, location: 2F
3-2: Base on Balls
Chris Skaff to second
Batting: LHB Chris Jackson 0-0: Ball
1-0: Called Strike
1-1: Foul Ball, location: 2F
1-2: Ball
2-2: Fly out, F7 (Line Drive, 7, EV 103.8 MPH)
Bottom of the 4th over - 0 runs, 0 hits, 0 errors, 2 left on base; Midland 3 - Jackson 0
TOP OF THE 5TH
Midland RockHounds batting - Pitching for Jackson Generals : RHP Jim Ruleman
Batting: LHB Robert Wilkins 0-0: Ground out U3 (Groundball, 3L, EV 87.5 MPH)
Batting: RHB Chris Bohm 0-0: Called Strike
0-1: Ball
1-1: Ball
2-1: Called Strike
2-2: Ball
3-2: Strikes out swinging
Batting: RHB Chris Prinzing 0-0: Called Strike
0-1: DOUBLE (Line Drive, 9LS, EV 100.0 MPH)
Batting: RHB Don Burt 0-0: SINGLE (Groundball, 56D, EV 97.5 MPH)
Chris Prinzing to third
Runner from 3rd tries for Home, SAFE, throw by LF to home
Batting: RHB Sean Gould 0-0: Ball
1-0: Ball
Don Burt steals 2nd, throwing error, E2
Don Burt to third
2-0: Called Strike
2-1: Ball
3-1: Base on Balls
Batting: RHB Matt Sherard 0-0: Ball
1-0: Fly out, F4 (Line Drive, 4, EV 75.0 MPH)
Top of the 5th over - 1 run, 2 hits, 1 error, 2 left on base; Midland 4 - Jackson 0
BOTTOM OF THE 5TH
Jackson Generals batting - Pitching for Midland RockHounds : LHP Adam Wood
Batting: RHB Jose Zuniga 0-0: Ball
1-0: Ball
2-0: Ball
3-0: Called Strike
3-1: Called Strike
3-2: Strikes out looking
Batting: RHB Chris Van Niel 0-0: Ball
1-0: Ground out 5-3 (Groundball, 56S, EV 75.0 MPH)
Batting: LHB Brent Dutcher 0-0: Called Strike
0-1: Ball
1-1: Foul Ball, location: 2F
1-2: Foul Ball, location: 2F
1-2: Ball
2-2: Foul Ball, location: 2F
2-2: Ground out 4-3 (Groundball, 4S, EV 83.1 MPH)
Bottom of the 5th over - 0 runs, 0 hits, 0 errors, 0 left on base; Midland 4 - Jackson 0
TOP OF THE 6TH
Midland RockHounds batting - Pitching for Jackson Generals : RHP Jim Ruleman
Batting: LHB Chance Stever 0-0: Fly out, F5 (Popup, 56, EV 68.1 MPH)
Batting: LHB Nick Pacheco 0-0: Foul Ball, location: 2F
0-1: Ball
1-1: Ball
2-1: Foul Ball, location: 2F
2-2: Ground out 4-3 (Groundball, 4, EV 105.0 MPH)
Batting: RHB Micah Roth 0-0: Called Strike
0-1: Foul Ball, location: 2F
0-2: Strikes out swinging
Top of the 6th over - 0 runs, 0 hits, 0 errors, 0 left on base; Midland 4 - Jackson 0
BOTTOM OF THE 6TH
Jackson Generals batting - Pitching for Midland RockHounds : LHP Adam Wood
Pitching: RHP Nick McDade
Batting: LHB Matt Hepburn 0-0: DOUBLE (Line Drive, 89D, EV 105.6 MPH)
Batting: RHB Enrique Valdez 0-0: Ground out 6-3 (Groundball, 6, EV 90.6 MPH)
Matt Hepburn to third
Batting: RHB Paul Shell 0-0: Foul Ball, location: 2F
0-1: Ball
1-1: Foul Ball, location: 2F
1-2: Ball
2-2: Foul Ball, location: 2F
2-2: Fly out, F8 (Line Drive, 8LM, EV 88.1 MPH)
Runner from 3rd tags up, SCORES, throw by CF
Batting: RHB Chris Skaff 0-0: Called Strike
0-1: Foul Ball, location: 2F
0-2: Ball
1-2: Strikes out looking
Bottom of the 6th over - 1 run, 1 hit, 0 errors, 0 left on base; Midland 4 - Jackson 1
TOP OF THE 7TH
Midland RockHounds batting - Pitching for Jackson Generals : RHP Jim Ruleman
Batting: LHB Robert Wilkins 0-0: Ground out 6-3 (Groundball, 56, EV 106.2 MPH)
Batting: RHB Chris Bohm 0-0: Ball
1-0: Called Strike
1-1: Ball
2-1: Swinging Strike
2-2: Strikes out looking
Batting: RHB Chris Prinzing 0-0: Ball
1-0: Ball
2-0: Ball
3-0: Called Strike
3-1: Foul Ball, location: 2F
3-2: Foul Ball, location: 2F
3-2: Foul Ball, location: 2F
3-2: Strikes out swinging, 2-3 out at first.
Top of the 7th over - 0 runs, 0 hits, 0 errors, 0 left on base; Midland 4 - Jackson 1
BOTTOM OF THE 7TH
Jackson Generals batting - Pitching for Midland RockHounds : RHP Nick McDade
Batting: RHB Kinzo Yokoyama 0-0: Called Strike
0-1: Swinging Strike
0-2: SINGLE (Groundball, 6MD, EV 95.0 MPH)
Batting: LHB Chris Jackson 0-0: Called Strike
0-1: Ball
1-1: Ball
2-1: Ball
3-1: Called Strike
3-2: Base on Balls
Kinzo Yokoyama to second
Batting: RHB Jose Zuniga 0-0: Hit by Pitch
Kinzo Yokoyama to third
Chris Jackson to second
Pinch Hitting: LHB Jason Kinney 0-0: Called Strike
0-1: Ball
1-1: Ball
2-1: Grounds into fielders choice 4-2 (Groundball, 4, EV 102.5 MPH)
Chris Jackson to third
Jose Zuniga to second
Batting: LHB Brent Dutcher 0-0: Called Strike
0-1: Grounds into double play, 6-2-3 (Groundball, 4, EV 104.4 MPH)
Bottom of the 7th over - 0 runs, 1 hit, 0 errors, 2 left on base; Midland 4 - Jackson 1
TOP OF THE 8TH
Midland RockHounds batting - Pitching for Jackson Generals : RHP Jim Ruleman
Pitching: RHP Marvin Velasco
Now at 3B: Jason Kinney
Batting: RHB Don Burt 0-0: Called Strike
0-1: Ball
1-1: Called Strike
1-2: Strikes out looking
Batting: RHB Sean Gould 0-0: Ball
1-0: Called Strike
1-1: Fly out, F9 (Flyball, 9LS, EV 90.6 MPH)
Batting: RHB Matt Sherard 0-0: Ball
1-0: Called Strike
1-1: Swinging Strike
1-2: Ball
2-2: Ball
3-2: Ground out 4-3 (Groundball, 4M, EV 105.0 MPH)
Top of the 8th over - 0 runs, 0 hits, 0 errors, 0 left on base; Midland 4 - Jackson 1
BOTTOM OF THE 8TH
Jackson Generals batting - Pitching for Midland RockHounds : RHP Nick McDade
Pitching: RHP Jon Hollman
Batting: LHB Matt Hepburn 0-0: Fly out, F7 (Flyball, 7, EV 85.0 MPH)
Pinch Hitting: LHB Addisu Nyamekye 0-0: Foul Ball, location: 2F
0-1: Ball
1-1: Ball
2-1: Called Strike
2-2: Foul Ball, location: 2F
2-2: Ball
3-2: Foul Ball, location: 2F
3-2: SINGLE (Groundball, 4MD, EV 93.8 MPH)
Batting: RHB Paul Shell 0-0: Foul Ball, location: 2F
0-1: Foul Ball, location: 2F
0-2: Foul Ball, location: 2F
0-2: Ball
1-2: Foul Ball, location: 2F
1-2: Foul Ball, location: 2F
1-2: Ball
2-2: SINGLE (Groundball, 34, EV 98.8 MPH)
Addisu Nyamekye to second
Runner from 2nd tries for 3rd, SAFE, no throw by RF
Batting: RHB Chris Skaff 0-0: Ball
1-0: Ball
2-0: SINGLE (Line Drive, 4D, EV 93.8 MPH)
Addisu Nyamekye scores
Paul Shell to second
Pitching: LHP Bobby Molina
Batting: RHB Kinzo Yokoyama 0-0: Ball
1-0: Swinging Strike
1-1: Called Strike
1-2: Strikes out swinging
Batting: LHB Chris Jackson 0-0: Ball
1-0: SINGLE (Line Drive, 4D, EV 95.0 MPH)
Paul Shell to third
Chris Skaff to second
Batting: RHB Jose Zuniga 0-0: Ground out 4-3 (Groundball, 4, EV 98.1 MPH)
Bottom of the 8th over - 1 run, 4 hits, 0 errors, 3 left on base; Midland 4 - Jackson 2
TOP OF THE 9TH
Midland RockHounds batting - Pitching for Jackson Generals : RHP Marvin Velasco
Now at 2B: Addisu Nyamekye
Batting: LHB Chance Stever 0-0: Foul Ball, location: 2F
0-1: Ball
1-1: Called Strike
1-2: Foul Ball, location: 2F
1-2: Fly out, F9 (Flyball, 89M, EV 92.5 MPH)
Batting: LHB Nick Pacheco 0-0: Ground out U3 (Groundball, 3L, EV 85.6 MPH)
Batting: RHB Micah Roth 0-0: Ball
1-0: Foul Ball, location: 2F
1-1: Ball
2-1: Foul Ball, location: 2F
2-2: Strikes out looking
Top of the 9th over - 0 runs, 0 hits, 0 errors, 0 left on base; Midland 4 - Jackson 2
BOTTOM OF THE 9TH
Jackson Generals batting - Pitching for Midland RockHounds : LHP Bobby Molina
Pitching: RHP John Shutt
Batting: LHB Jason Kinney 0-0: Ground out U3 (Groundball, 3, EV 88.8 MPH)
Batting: LHB Brent Dutcher 0-0: Foul Ball, location: 2F
0-1: Swinging Strike
0-2: Ball
1-2: Strikes out swinging
Pinch Hitting: RHB Mike Conaway 0-0: Called Strike
0-1: Ball
1-1: Ground out 5-3 (Groundball, 15, EV 94.4 MPH)
Bottom of the 9th over - 0 runs, 0 hits, 0 errors, 0 left on base; Midland 4 - Jackson 2
Sunday, July 16th , 2023 - OOTP Baseball 24.6 Build 69